 Dungeon Crawl Stone Soup version 0.17-a0-1719-g1afd5a1 (webtiles) character file.

239 Flubber the Sneak (level 5, 0/29 HPs)
             Began as a Deep Elf Summoner on Aug 27, 2015.
             Slain by Duvessa
             ... wielding a +0 short sword
              (10 damage)
             ... on level 4 of the Dungeon.
             The game lasted 00:26:11 (3627 turns).

Flubber the Sneak (Deep Elf Summoner)               Turns: 3627, Time: 00:26:11

Health: 0/29       AC:  4    Str:  5      XL:     5   Next: 79%
Magic:  2/14       EV: 20    Int: 18 (21) God:
Gold:   106        SH:  0    Dex: 20      Spells: 2 memorised, 8 levels left

rFire  . . .     SeeInvis .     l - +2 short sword (venom)
rCold  . . .     Clarity  .     k - +2 robe {MR+}
rNeg   . . .     SustAt   .     (no shield)
rPois  .         Gourm    .     (no helmet)
rElec  .         Spirit   .     (no cloak)
rCorr  .         Warding  .     (no gloves)
rMut   .         Stasis   +     (no boots)
MR     +....                    e - amulet of stasis
Stlth  +++++.....               (no ring)
                                d - ring of stealth

@: agile, very slightly contaminated, somewhat resistant to hostile
enchantments, quite stealthy
A: no striking features
a: no special abilities


You were on level 4 of the Dungeon.
You were very hungry.

You visited 1 branch of the dungeon, and saw 4 of its levels.

You collected 127 gold pieces.
You spent 21 gold pieces at shops.

Inventory:

Hand weapons
 h - a +0 dagger
 j - a +2 dagger of protection
 l - a +2 short sword of venom (weapon)
Missiles
 f - 62 stones (quivered)
Armour
 a - a +1 robe
 k - a +2 robe of magic resistance (worn)
Jewellery
 d - a ring of stealth (left hand)
 e - an amulet of stasis (around neck)
 y - an uncursed ring of ice
Scrolls
 n - a scroll of teleportation
 p - a scroll of identify
Potions
 g - 3 potions of curing
 i - a potion of berserk rage {unknown}
Books
 b - a book of Callings

   Spells                             Type                      Level
   a - Summon Small Mammal            Summoning                    1
   b - Call Imp                       Summoning                    2
   c - Call Canine Familiar           Summoning                    3
   d - Summon Guardian Golem          Hexes/Summoning              3
   e - Summon Lightning Spire         Summoning/Air                4
   f - Summon Ice Beast               Ice/Summoning                4
Comestibles
 c - 2 bread rations
 r - a meat ration


   Skills:
 - Level 1.0 Fighting
 - Level 1.0 Short Blades
 + Level 4.2 Dodging
 + Level 5.0 Stealth
 + Level 4.7 Spellcasting
 - Level 4.3 Summonings
 + Level 1.0 Ice Magic


You had 8 spell levels left.
You knew the following spells:

 Your Spells              Type           Power        Failure   Level  Hunger
a - Summon Small Mammal   Summ           ###.         1%          1    None
b - Summon Ice Beast      Ice/Summ       ##......     54%         4    ####...


Dungeon Overview and Level Annotations

Branches:
Dungeon (4/15)
 Temple: D:4-7

Altars:
Nemelex Xobeh
Xom

Shops:
D:4 [

Annotations:
D:4 Duvessa


Message History

You are feeling very hungry.
Dowan casts a spell at you. The puff of flame misses you.
Your ice beast hits Dowan.
Your ice beast freezes Dowan!
Read which item? (? for menu, Esc to quit)
Okay, then.
Read which item? (? for menu, Esc to quit)
Okay, then.
Dowan casts a spell at you. The puff of frost hits you!
Duvessa hits you but does no damage.
Your ice beast hits Dowan.
Your ice beast freezes Dowan!
Dowan dies!
Duvessa screams in rage.
Duvessa goes berserk!
Your Stealth skill increases to level 5!
Your Ice Magic skill increases to level 1!
Drink which item? (? for menu, Esc to quit)
You feel agile all of a sudden. Duvessa hits you with a short sword!
You die...

#. #.. ##..###+# .....
........####+#....#
.........'...+....+
...##..##...#....#
#..##..##....#
####+##..##.<#....#
#...........@#....+
#...........e')Y..#
######..###..##.Y#....#
.......####+###..#....#
....#....#...#..##....#
... +....'...#.8......#
.. #....#...+........+
###(###+.8.∩.8....#
#.##............#


You could see Duvessa (berserk) and 2 friendly ice beasts.

Vanquished Creatures
  An orc priest (D:3)
  An orc wizard (D:3)
  A gnoll (D:3)
  3 adders (D:2)
  3 worms (D:3)
  5 orcs (D:3)
  A ball python (D:1)
  3 bats (D:1)
  2 giant cockroaches
  2 goblins
  4 hobgoblins
  2 quokkas
  2 kobolds
  3 rats (D:2)
33 creatures vanquished.

Vanquished Creatures (collateral kills)
  Dowan (D:4)
  2 orc wizards (D:3)
  Jessica (D:3)
  2 gnolls (D:3)
  An adder (D:3)
  2 oozes
  A worm (D:3)
  7 orcs (D:3)
  2 ball pythons
  2 giant cockroaches (D:1)
  A hobgoblin (D:1)
  3 jackals (D:3)
  A quokka (D:2)
  2 giant newts
  2 goblins (D:1)
  A jackal skeleton (D:3)
  7 kobolds
  A rat (D:1)
39 creatures vanquished.

Grand Total: 72 creatures vanquished

Notes
Turn   | Place    | Note
--------------------------------------------------------------
     0 | D:1      | Flubber the Deep Elf Summoner began the quest for the Orb.
     0 | D:1      | Reached XP level 1. HP: 10/10 MP: 6/6
   462 | D:1      | Reached XP level 2. HP: 15/15 MP: 5/8
  1169 | D:2      | Reached XP level 3. HP: 20/20 MP: 3/9
  1207 | D:2      | Found a shimmering altar of Xom.
  1388 | D:2      | Found a sparkling altar of Nemelex Xobeh.
  1517 | D:2      | Reached skill level 1 in Short Blades
  1862 | D:2      | Reached skill level 1 in Fighting
  2028 | D:3      | Reached XP level 4. HP: 20/25 MP: 1/11
  2332 | D:3      | Noticed Jessica
  2341 | D:3      | Learned a level 4 spell: Summon Ice Beast
  2364 | D:3      | Killed Jessica
  2453 | D:3      | Reached XP level 5. HP: 25/29 MP: 5/13
  2728 | D:3      | Noticed a spatial vortex
  3593 | D:4      | Found Riud's Antique Armour Shop.
  3601 | D:4      | Bought an embroidered robe for 21 gold pieces
  3611 | D:4      | Noticed Duvessa
  3614 | D:4      | Noticed Dowan
  3626 | D:4      | Killed Dowan
  3626 | D:4      | Reached skill level 5 in Stealth
  3626 | D:4      | Reached skill level 1 in Ice Magic
  3627 | D:4      | Slain by Duvessa

Vault maps used:
D:1:      minmay_arrival_four_circles, grunt_decor_cap
D:2:      xom_teletrap_fun, nemelex_xobeh_ov_fountains_minmay, first_bread,
          st_stairs_11, hex_intersection, nrook_uturn
D:3:      uniq_jessica
D:4:      old_standard_altar, serial_shops, nicolae_shop_statue_plus,
          uniq_duvessa, uniq_blork_the_orc

Action                   |  1- 3 |  4- 6 || total
-------------------------+-------+-------++-------
Melee: Dagger            |     4 |       ||     4
       Unarmed           |     2 |       ||     2
       Short sword       |    28 |    59 ||    87
Throw: Stone             |       |     3 ||     3
 Cast: Summon Small Mamm |    72 |    47 ||   119
       Summon Ice Beast  |       |     6 ||     6
  Use: Potion            |     2 |    10 ||    12
       Scroll            |       |     8 ||     8
 Stab: Sleeping          |     8 |     1 ||     9
       Distracted        |       |     1 ||     1
  Eat: Chunk             |     2 |     7 ||     9
